 Dungeon Crawl Stone Soup version 0.27-a0-550-ge92ec0ca06 (webtiles) character file.

Game seed: 6817917657467948729

5 HoaS the Insei (level 1, 0/17 HPs)
             Began as a Demigod Gladiator on Mar 7, 2021.
             Slain by a gnoll
             ... wielding a +0 spear
              (7 damage)
             ... on level 1 of the Dungeon.
             The game lasted 00:00:40 (122 turns).

HoaS the Insei (Demigod Gladiator)                   Turns: 122, Time: 00:00:41

Health: 0/17       AC:  4    Str: 15    XL:     1   Next: 53%
Magic:  3/3        EV: 12    Int: 10    God:
Gold:   44         SH:  0    Dex: 15    Spells: 0/0 levels left

rFire    . . .     SeeInvis .     - Unarmed
rCold    + . .     Faith    .   (no shield)
rNeg     . . .     Spirit   .   a - +0 leather armour
rPois    .         Reflect  .   b - +0 helmet
rElec    .         Harm     .   (no cloak)
rCorr    .         Rampage  .   (no gloves)
Will     .....                  (no boots)
Stlth    +.........             (no amulet)
HPRegen  0.05/turn              d - ring of protection from cold
MPRegen  0.08/turn              (no ring)

@: no status effects
A: high mp 1, forlorn
a: no special abilities


You were on level 1 of the Dungeon.
You visited 1 branch of the dungeon, and saw 1 of its levels.

You collected 44 gold pieces.

Inventory:

Missiles
 c - 3 throwing nets (quivered)
Armour
 a - a +0 leather armour (worn)
 b - a +0 helmet (worn)
Jewellery
 d - a ring of protection from cold (left hand)
Scrolls
 e - a scroll of fear {unknown}
Potions
 f - 2 potions of attraction {unknown}


   Skills:
 - Level 1.7 Fighting
 - Level 1.7 Throwing
 - Level 2.6 Dodging
 + Level 3.1 Unarmed Combat


You couldn't memorise any spells.
You didn't know any spells.
Your spell library was empty.

Dungeon Overview and Level Annotations

Branches:
Dungeon (1/15)


Innate Abilities, Weirdness & Mutations

Your attributes grow dramatically as you level up.
You have an increased reservoir of magic. (+10% MP)
You shall have no god before yourself.


Message History

The kobold throws a stone.
The stone hits you but does no damage. The kobold hits you but does no damage.
You miss the kobold.
The kobold shouts!
The kobold hits you with a +0 club.
You hit the kobold.
The kobold is severely wounded.
You hit the kobold.
You kill the kobold!
Your Unarmed Combat skill increases to level 3!
You hit the kobold.
The kobold is severely wounded.
The kobold hits you but does no damage.
You hit the kobold.
You kill the kobold!
No target in view!
No target in view!
Things that are here:
a +0 club; 3 stones You now have 33 gold pieces (gained 10).
You now have 44 gold pieces (gained 11).
Things that are here:
a +0 whip; a kobold corpse You see here a +0 short sword.
f - 2 ruby potions (gained 1)
You open the door.
A gnoll comes into view. It is wielding a +0 spear.
There is an open door here.
A gnoll is nearby!
The gnoll shouts!
A frilled lizard comes into view.
The frilled lizard hisses angrily.
The frilled lizard bites you.
You hit the frilled lizard but do no damage.
The frilled lizard bites you but does no damage.
The gnoll hits you from afar with a +0 spear!
You closely miss the frilled lizard.
The frilled lizard bites you but does no damage.
The gnoll hits you from afar with a +0 spear!
You die...

######## ........ #####..
#.. #######.. #.......#
###### #.......#
#.l@.#######.......#
#g##.#...........)..
.........#................
...#.....###......).......
##....# #......).......
..?...................
#...g.###.......)......
#.....##...............
#.....##......(.######.


You could see a gnoll and a frilled lizard.

Vanquished Creatures
  A leopard gecko (D:1)
  A goblin (D:1)
  3 kobolds (D:1)
5 creatures vanquished.

Notes
Turn   | Place    | Note
-------+----------+-------------------------------------------
     0 | D:1      | HoaS the Demigod Gladiator began the quest for the Orb.
     0 | D:1      | Reached XP level 1. HP: 17/17 MP: 3/3
    80 | D:1      | Reached skill level 3 in Unarmed Combat
   122 | D:1      | Slain by a gnoll

Illustrated notes

Levels and vault maps discovered:
D:1:      ncdulo_wetmaze, layout_basic

Skill      XL: |  1 |
---------------+----+-----
Unarmed Combat | 3 |  3.1
Fighting       | |  1.7
Throwing       | |  1.7
Dodging        | |  2.6

Action                   || total
-------------------------++-------
Melee: Unarmed           ||    16
       Punch             ||     2
Armor: Leather armour    ||     6
Dodge: Dodged            ||     4

Table legend: (Time is in decaauts)
 A = Elapsed time spent in this place.
 B = Non-inter-level travel time spent in this place.
 C = Inter-level travel time spent in this place.
 D = Time resting spent in this place.
 E = Time spent auto-exploring this place.
 F = Levels seen in this place.
 G = Mean time per level.
                   A        B        C        D        E       F      G
               +--------+--------+--------+--------+--------+-----+--------+
         Total |    124 |    124 |      0 |      0 |     76 |   1 |  124.0 |
       Dungeon |    124 |    124 |      0 |      0 |     76 |   1 |  124.0 |
               +--------+--------+--------+--------+--------+-----+--------+

Top non-repeatable levels by time:
     D:1: 124 daAuts
